 Dungeon Crawl Stone Soup version 0.31-a0-532-g28f74ba3e5 (webtiles) character file.

Game seed: 4367083319304094618

752 cforsyth the Charlatan (level 7, -5/53 HPs)
             Began as a Gnoll Artificer on Aug 13, 2023.
             Killed by divine providence
             ... invoked by an orc priest
              (12 damage)
             ... on level 5 of the Dungeon.
             The game lasted 00:09:21 (5244 turns).

cforsyth the Charlatan (Gnoll Artificer)            Turns: 5244, Time: 00:09:22

Health: -5/53      AC: 13    Str: 12    XL:     7   Next: 78%
Magic:  11/11      EV:  4    Int: 12    God:
Gold:   282        SH:  0    Dex: 12    Spells: 11/11 levels left

rFire   + . .        a - +0 club (heavy)
rCold   . . .        (no shield)
rNeg    . . .        c - +0 plate armour
rPois   .            (no helmet)
rElec   .            m - +0 cloak
rCorr   .            (no gloves)
SInv    .            (no boots)
Will    .....        (no amulet) Stlth
                     i - ring of protection from fire
HPRegen 0.28/turn    p - ring of flight
MPRegen 0.12/turn

%: no passive effects
@: flying
A: fangs 1, strong nose, distributed training
a: no special abilities


You were on level 5 of the Dungeon.
You visited 2 branches of the dungeon, and saw 6 of its levels.

You collected 282 gold pieces.

Inventory:

Hand Weapons
 a - a +0 heavy club (weapon)
Armour
 b - a +0 leather armour
 c - a +0 plate armour (worn)
 f - a +0 chain mail
 m - a +0 cloak (worn)
Jewellery
 i - a ring of protection from fire (left hand)
 o - a ring of wizardry
 p - a ring of flight (right hand)
Wands
 d - a wand of charming (18)
 e - a wand of iceblast (5)
Scrolls
 h - 3 scrolls of enchant armour {unknown}
 j - 2 scrolls of teleportation
 k - 5 scrolls of identify {unknown}
 l - a scroll of brand weapon
 q - a scroll of fog {unknown}
Potions
 g - 5 potions of attraction {unknown}
 n - a potion of brilliance {unknown}


   Skills:
 + Level 3.8 Fighting
 + Level 2.7 Short Blades
 + Level 2.7 Long Blades
 + Level 2.7 Axes
 + Level 2.7 Maces & Flails
 + Level 2.7 Polearms
 + Level 2.7 Staves
 + Level 2.7 Ranged Weapons
 + Level 2.7 Throwing
 + Level 5.4 Armour
 + Level 3.8 Dodging
 + Level 3.7 Stealth
 + Level 2.7 Shields
 + Level 2.7 Unarmed Combat
 + Level 2.7 Spellcasting
 + Level 2.2 Conjurations
 + Level 2.2 Hexes
 + Level 2.2 Summonings
 + Level 2.2 Necromancy
 + Level 2.2 Translocations
 + Level 2.2 Transmutations
 + Level 2.2 Fire Magic
 + Level 2.2 Ice Magic
 + Level 2.2 Air Magic
 + Level 2.2 Earth Magic
 + Level 2.2 Poison Magic
 + Level 3.0 Invocations
 + Level 7.1 Evocations
 + Level 2.2 Shapeshifting


You had 11 spell levels left.
You didn't know any spells.
Your spell library was empty.

Dungeon Overview and Level Annotations

Branches:
Dungeon (5/15)             Temple (1/1) D:4

Altars:
Ashenzari
Elyvilon
Fedhas
Gozag
Kikubaaqudgha
Makhleb
Okawaru
Qazlal
Ru
Sif Muna
Trog
Uskayaw
Wu Jian
Xom
Yredelemnul
Zin
The Shining One

Shops:
D:3 (

Annotations:
D:4 2 transporters, wormstring's ghost, weakling KoDe


Innate Abilities, Weirdness & Mutations

You have very sharp teeth.
Your uncanny sense of smell can sniff out nearby items.
Your experience applies equally to all skills.


Message History

You are too injured to fight recklessly!
You are too injured to fight recklessly!
You are too injured to fight recklessly!
You are too injured to fight recklessly!
You are too injured to fight recklessly!
You closely miss the orc. You bite the orc.
The orc is severely wounded.
The orc hits you with a +0 whip. The orc hits you but does no damage.
The orc priest mumbles some strange prayers to Beogh against you.
Beogh smites you!
* * * LOW HITPOINT WARNING * * *
Okay, then.
Okay, then.
Unknown command.
Aiming: Charm
Press: ? - help, Shift-Dir - straight line, f - orc
Aim: an orc, wielding a +0 whip and wearing an orb of wrath (severely wounded, berserk, chance to affect: 80%)
The orc is charmed.
Your orc hits the orc but does no damage.
The orc hits your orc with a +2 short sword of holy wrath.
Your orc barely misses the orc.
What are your orders? t - Bark!
Orders for allies: a - Attack new target. p - Attack previous target. r - Retreat! s - Stop attacking. g - Guard the area. f - Follow me.
Anything else - Cancel.
Gang up on whom?
Press: ? - help, Dir - move target, f - orc, p - orc
Aim: an orc, wielding a +2 short sword of holy wrath and wearing a +0 leather armour (moderately wounded, ally target) Attack!
Your orc closely misses the orc.
The orc hits your orc with a +2 short sword of holy wrath.
Your orc dies!
Aiming: Charm
Press: ? - help, Shift-Dir - straight line, f/p - orc
Aim: an orc, wielding a +2 short sword of holy wrath and wearing a +0 leather armour (moderately wounded, chance to affect: 80%)
The orc is charmed.
The orc priest mumbles some strange prayers to Beogh against you.
Beogh smites you!
You die...

....... .>...
..... ... .o. #o#
#)# #### #@# #.
... #.####... #.#
#.#....#
#..######...#
#..#......## ###
#...###.## ..#
#....##.#
..########.##.##.#
.......##..# .##.#


You could see an orc priest and a friendly orc (charmed).

Vanquished Creatures
  A centaur (D:4)
  2 phantoms (D:4)
  A scorpion (D:5)
  2 howler monkeys (D:5)
  A jelly (D:4)
  An iguana (D:5)
  2 orc wizards
  10 adders
  A shadow imp (D:5)
  An ufetubus (D:4)
  A dart slug (D:1)
  12 orcs
  10 endoplasms
  3 giant cockroaches
  8 goblins
  11 hobgoblins
  3 jackals (D:4)
  4 quokkas
  9 ball pythons
  6 bats
  4 frilled lizards
  5 kobolds
  7 rats
105 creatures vanquished.

Vanquished Creatures (collateral kills)
  A phantom (D:5)
1 creature vanquished.

Vanquished Creatures (others)
  An orc (D:5)
  A goblin (D:1)
2 creatures vanquished.

Grand Total: 108 creatures vanquished

Notes
Turn   | Place    | Note
-------+----------+-------------------------------------------
     0 | D:1      | cforsyth the Gnoll Artificer began the quest for the Orb.
     0 | D:1      | Reached XP level 1. HP: 17/17 MP: 1/1
    32 | D:1      | Reached XP level 2. HP: 4/23 MP: 2/2
    43 | D:1      | HP: 1/23 [frozen (3)]
   447 | D:1      | Reached XP level 3. HP: 5/28 MP: 3/3
  1014 | D:2      | Reached skill level 1 in Invocations
  1116 | D:2      | Reached skill level 1 in Short Blades
  1116 | D:2      | Reached skill level 1 in Long Blades
  1116 | D:2      | Reached skill level 1 in Axes
  1116 | D:2      | Reached skill level 1 in Maces & Flails
  1116 | D:2      | Reached skill level 1 in Polearms
  1116 | D:2      | Reached skill level 1 in Staves
  1116 | D:2      | Reached skill level 1 in Ranged Weapons
  1116 | D:2      | Reached skill level 1 in Throwing
  1116 | D:2      | Reached skill level 1 in Shields
  1116 | D:2      | Reached skill level 1 in Unarmed Combat
  1116 | D:2      | Reached skill level 1 in Spellcasting
  1168 | D:2      | Reached XP level 4. HP: 34/34 MP: 5/5
  1537 | D:2      | Reached skill level 1 in Conjurations
  1537 | D:2      | Reached skill level 1 in Hexes
  1537 | D:2      | Reached skill level 1 in Summonings
  1537 | D:2      | Reached skill level 1 in Necromancy
  1537 | D:2      | Reached skill level 1 in Translocations
  1537 | D:2      | Reached skill level 1 in Transmutations
  1537 | D:2      | Reached skill level 1 in Fire Magic
  1537 | D:2      | Reached skill level 1 in Ice Magic
  1537 | D:2      | Reached skill level 1 in Air Magic
  1537 | D:2      | Reached skill level 1 in Earth Magic
  1537 | D:2      | Reached skill level 1 in Poison Magic
  1537 | D:2      | Reached skill level 1 in Shapeshifting
  2121 | D:3      | Found a bloodstained altar of Trog.
  2594 | D:3      | Reached XP level 5. HP: 37/40 MP: 6/6
  2691 | D:3      | Found Betengeo's Antique Weapon Shop.
  2940 | D:4      | Noticed a centaur
  2954 | D:4      | Killed a centaur
  2955 | D:4      | Reached XP level 6. HP: 14/47 MP: 8/8
  3123 | D:4      | Reached skill level 5 in Armour
  3579 | D:4      | Noticed wormstring's ghost (weakling KoDe)
  3580 | D:4      | Found a transporter.
  3592 | D:4      | Found a transporter.
  3617 | D:4      | Found an opulent altar of Gozag.
  3665 | D:4      | Found a staircase to the Ecumenical Temple.
  3714 | D:4      | Found a sacrificial altar of Ru.
  3838 | Temple   | Entered the Ecumenical Temple
  4230 | D:4      | Found a glowing golden altar of the Shining One.
  4261 | D:5      | Entered Level 5 of the Dungeon
  4351 | D:4      | Reached XP level 7. HP: 51/52 MP: 10/10
  4432 | D:4      | Reached skill level 7 in Evocations
  5000 | D:5      | Noticed a yak
  5244 | D:5      | Killed from afar by an orc priest

Illustrated notes

Levels and vault maps discovered:
D:1:      spicycebolla_arrival_xxxplode, layout_rooms
D:2:      layout_basic
D:3:      layout_rooms, general_overflow_altar, serial_shops,
          nicolae_shop_scrapyard
D:4:      layout_basic, nicolae_gozag_cash_rules_everything_around_me,
          kennysheep_mini_moat, lemuel_coloured_pillars_altar,
          minmay_temple_entry_trees, gammafunk_ghost_smash
D:5:      layout_rooms, grunt_dithmenos_smoke, minmay_small_thing
Temple:   compressed_dpeg_triangle_lava_temple

Skill      XL: |  1  2  3  4  5  6  7 |
---------------+----------------------+-----
Invocations    | 1 2 3 |  3.0
Short Blades   | 1 2 |  2.7
Long Blades    | 1 2 |  2.7
Axes           | 1 2 |  2.7
Maces & Flails | 1 2 |  2.7
Polearms       | 1 2 |  2.7
Staves         | 1 2 |  2.7
Ranged Weapons | 1 2 |  2.7
Throwing       | 1 2 |  2.7
Shields        | 1 2 |  2.7
Unarmed Combat | 1 2 |  2.7
Spellcasting   | 1 2 |  2.7
Conjurations   | 1 2 |  2.2
Hexes          | 1 2 |  2.2
Summonings     | 1 2 |  2.2
Necromancy     | 1 2 |  2.2
Translocations | 1 2 |  2.2
Transmutations | 1 2 |  2.2
Fire Magic     | 1 2 |  2.2
Ice Magic      | 1 2 |  2.2
Air Magic      | 1 2 |  2.2
Earth Magic    | 1 2 |  2.2
Poison Magic   | 1 2 |  2.2
Shapeshifting  | 1 2 |  2.2
Fighting       | 3 |  3.8
Dodging        | 3 |  3.8
Stealth        | 3 |  3.7
Armour         | 5 |  5.4
Evocations     | 7 |  7.1

Action                     |  1- 3 |  4- 6 |  7- 9 || total
---------------------------+-------+-------+-------++-------
  Melee: Club              |   151 |   415 |    89 ||   655
         Bite              |    18 |    39 |    11 ||    68
         Punch             |     3 |     8 |     3 ||    14
  Evoke: Wand              |     5 |     9 |     7 ||    21
    Use: Scroll            |       |     4 |       ||     4
 Armour: Leather armour    |     7 |       |       ||     7
         Chain mail        |   107 |   389 |   109 ||   605
         Plate armour      |       |       |    10 ||    10
  Dodge: Dodged            |    78 |   236 |    64 ||   378

Table legend: (Time is in decaauts)
 A = Elapsed time spent in this place.
 B = Non-inter-level travel time spent in this place.
 C = Inter-level travel time spent in this place.
 D = Time resting spent in this place.
 E = Time spent auto-exploring this place.
 F = Levels seen in this place.
 G = Mean time per level.
                   A        B        C        D        E       F      G
               +--------+--------+--------+--------+--------+-----+--------+
         Total |   5458 |   5250 |    208 |    333 |   3384 |   6 |  909.7 |
       Dungeon |   5456 |   5250 |    206 |    333 |   3384 |   5 | 1091.2 |
        Temple |      1 |      0 |      1 |      0 |      0 |   1 |    1.0 |
               +--------+--------+--------+--------+--------+-----+--------+

Top non-repeatable levels by time:
     D:4: 1834 daAuts
     D:2: 1244 daAuts
     D:1: 1143 daAuts
     D:5: 680 daAuts
     D:3: 555 daAuts
  Temple: 1 daAuts
